 Dungeon Crawl Stone Soup version 0.18-a0-1203-gbde16db (webtiles) character file.

63 ololoev the Magician (level 3, -22/19 HPs)
             Began as a Deep Elf Fire Elementalist on Feb 1, 2016.
             Engulfed by a cloud of flame (25 damage)
             ... on level 2 of the Dungeon.
             The game lasted 00:06:45 (725 turns).

ololoev the Magician (Deep Elf Fire Elementalist)    Turns: 725, Time: 00:06:45

Health: -22/19     AC:  4    Str:  4    XL:     3   Next: 87%
Magic:  2/10       EV: 13    Int: 21    God:
Gold:   2          SH:  0    Dex: 15    Spells: 2 memorised, 6 levels left

rFire  . . .     SeeInvis .     j - +0 falchion
rCold  . . .     Gourm    .     a - +1 robe
rNeg   . . .     Faith    .     (no shield)
rPois  .         Spirit   .     i - +0 helmet
rElec  .         Dismiss  .     (no cloak)
rCorr  .         Reflect  .     (no gloves)
SustAt .         Harm     .     (no boots)
MR     .....     Rnd*Rage +     (no amulet)
Stlth  ++........               (no ring)
                                (no ring)

@: not resistant to hostile enchantments, unstealthy
A: berserk 1
a: no special abilities


Innate Abilities, Weirdness & Mutations

You tend to lose your temper in combat.

Inventory:

Hand Weapons
 j - a +0 falchion (weapon)
Armour
 a - a +1 robe (worn)
 i - a +0 helmet (worn)
Scrolls
 d - a scroll of noise {unknown}
Potions
 e - 2 potions of poison {unknown}
 f - a potion of resistance {unknown}
 g - a potion of flight {unknown}
Books
 b - a book of Flames

   Spells                             Type                      Level
   a - Flame Tongue                   Conjuration/Fire             1
   b - Throw Flame                    Conjuration/Fire             2
   c - Conjure Flame                  Conjuration/Fire             3
   d - Inner Flame                    Hexes/Fire                   3
   e - Sticky Flame                   Conjuration/Fire             4
   f - Fireball                       Conjuration/Fire             5
Comestibles
 c - 3 bread rations
 h - 5 chunks of flesh


   Skills:
 - Level 2.4 Dodging
 - Level 2.4 Stealth
 + Level 4.2 Spellcasting
 * Level 2.7 Conjurations
 + Level 3.7 Fire Magic


You had 6 spell levels left.
You knew the following spells:

 Your Spells              Type           Power        Failure   Level  Hunger
a - Flame Tongue          Conj/Fire      ###..        3%          1    None
b - Conjure Flame         Conj/Fire      ###.....     12%         3    ###....


You were on level 2 of the Dungeon.
You were not hungry.

You visited 1 branch of the dungeon, and saw 3 of its levels.

You collected 20 gold pieces.

#.##)....##.# .........##.
#...>.......# #.#####..##.
####.....###############..#
##.....................#
#.................######.#
####.##########.### .# #.#
#.# .# #.# #######.# .# #.#
#.(@K...# .# #) #)#######
.# #.# #.####.# #..)<(.#
########

Notes
Turn   | Place    | Note
--------------------------------------------------------------
     0 | D:1      | ololoev the Deep Elf Fire Elementalist began the quest for the Orb.
     0 | D:1      | Reached XP level 1. HP: 10/10 MP: 6/6
   154 | D:2      | Noticed Robin
   160 | D:2      | Reached XP level 2. HP: 15/15 MP: 2/8
   249 | D:2      | Killed Robin
   346 | D:2      | Reached XP level 3. HP: 6/19 MP: 7/10
   351 | D:2      | Learned a level 3 spell: Conjure Flame
   438 | D:2      | Reached skill level 4 in Spellcasting
   569 | D:3      | Found a bloodstained altar of Trog.
   613 | D:3      | Found a sparkling altar of Nemelex Xobeh.
   633 | D:3      | Noticed Mohealut
   691 | D:2      | Noticed Icemyat
   709 | D:2      | Drew Focus: Int increased to 21, Str decreased to 4
   711 | D:2      | Gained mutation: You tend to lose your temper in combat. [helix card]
   725 | D:2      | Engulfed by a cloud of flame

Dungeon Overview and Level Annotations

Branches:
Dungeon (3/15)

Altars:
Nemelex Xobeh
Trog


Message History

Confirm with . or Enter, or press ? or * to list all spells.
Aiming: Conjure Flame
Press: ? - help, Dir - move target cursor, p - Icemyat The fire roars!
Casting: Conjure Flame
Confirm with . or Enter, or press ? or * to list all spells.
Aiming: Flame Tongue
Press: ? - help, Shift-Dir - straight line, f - Icemyat
Aim: Icemyat the big kobold, wearing an embroidered robe (durably summoned)
The flame tongue hits Icemyat.
Icemyat resists.
Icemyat is lightly wounded.
Casting: Flame Tongue
Confirm with . or Enter, or press ? or * to list all spells.
Aiming: Flame Tongue
Press: ? - help, Shift-Dir - straight line, f/p - Icemyat
Aim: Icemyat the big kobold, wearing an embroidered robe (lightly wounded, durably summoned)
The flame tongue hits Icemyat.
Icemyat resists.
Icemyat is lightly wounded.
Casting: Flame Tongue
Confirm with . or Enter, or press ? or * to list all spells.
Aiming: Flame Tongue
Press: ? - help, Shift-Dir - straight line, f/p - Icemyat
Aim: Icemyat the big kobold, wearing an embroidered robe (lightly wounded, durably summoned)
The flame tongue hits Icemyat.
Icemyat appears unharmed.
Icemyat is lightly wounded.
Casting: Flame Tongue
Confirm with . or Enter, or press ? or * to list all spells.
Aiming: Flame Tongue
Press: ? - help, Shift-Dir - straight line, f/p - Icemyat
Aim: Icemyat the big kobold, wearing an embroidered robe (lightly wounded, durably summoned)
The flame tongue misses Icemyat.
Really walk into that cloud of flame?
You are engulfed in roaring flames.
Ouch! That really hurt!
Icemyat closely misses you.
You closely miss Icemyat.
Icemyat is lightly wounded.
You are engulfed in roaring flames.
Ouch! That really hurt!
You die...

You could see Icemyat the big kobold.

Vanquished Creatures
  Robin (D:2)
  An adder (D:2)
  A worm (D:2)
  2 giant geckos
  2 giant cockroaches
  5 goblins
  6 hobgoblins
  4 jackals (D:2)
  2 quokkas (D:2)
  A ball python (D:3)
  4 bats
  A giant newt (D:2)
  3 kobolds
  2 rats
35 creatures vanquished.

Action                   || total
-------------------------++-------
Melee: Short sword       ||    18
       Falchion          ||     1
 Cast: Flame Tongue      ||    68
       Conjure Flame     ||     3
Evoke: Deck              ||    11
  Use: Scroll            ||     2
 Stab: Sleeping          ||     1

Vault maps used:
D:1:      shiori_shiawase
D:2:      minmay_three_crescents, uniq_terence, uniq_robin
D:3:      bloody_trog, nemelex_deck, ecumenical_altar_2, first_bread
